 Dungeon Crawl Stone Soup version 0.15.0-18-g9076a4f (console) character file.

9354 jw the Basher (level 11, -1/100 HPs)
             Began as a Minotaur Berserker on Sept 6, 2014.
             Was a High Priest of Trog.
             Slain by a cyclops (16 damage)
             ... on Level 11 of the Dungeon.
             The game lasted 00:15:32 (12076 turns).

jw the Basher (Minotaur Berserker)                 Turns: 12076, Time: 00:15:32

HP  -1/100       AC 14     Str 22      XL: 11   Next: 21%
MP   4/4         EV  8     Int  4      God: Trog [*****.]
Gold 0           SH  0     Dex 13      Spells:  0 memorised, 10 levels left

rFire  + . .     SeeInvis .     s - +9 flail of the Ten Beggars {crush, +Rage rF+ Stlth+ Curse}
rCold  . . .     Clarity  .     c - +0 chain mail (curse)
rNeg   + . .     rCorr    .     (no shield)
rPois  .         rRot     .     (helmet restricted)
rElec  .         Spirit   .     e - +0 cloak (curse)
SustAb .         Warding  .     d - +0 pair of gloves
rMut   +         Rnd*Tele +     (no boots)
Gourm  .                        B - amulet of resist mutation
MR     .....                    a - ring of positive energy
                                v - cursed ring of loudness

@: not resistant to hostile enchantments, extremely unstealthy
A: retaliatory headbutt, horns 2, spit poison 2, teleportitis 1
a: Spit Poison, Burn Spellbooks, Berserk, Trog's Hand, Brothers in Arms,
Renounce Religion, Evoke Berserk Rage


You were on level 11 of the Dungeon.
You worshipped Trog.
Trog was extremely pleased with you.
You were hungry.

You visited 1 branch of the dungeon, and saw 11 of its levels.

Inventory:

Hand weapons
 s - the +9 flail of the Ten Beggars (weapon) {crush, +Rage rF+ Stlth+ Curse}
   (You took it off a centaur on level 6 of the Dungeon)

   It inflicts extra damage upon your enemies.
   It protects you from fire.
   It lets you go berserk.
   It may recurse itself when equipped.
   It makes you more stealthy.
Missiles
 j - 209 stones
 z - 3 javelins of penetration (quivered)
Armour
 c - a cursed +0 chain mail (worn)
 d - a +0 pair of gloves (worn)
 e - a cursed +0 cloak (worn)
Magical devices
 m - a wand of flame (11)
 x - a wand of cold (13) {unknown}
 y - a wand of draining (4)
 A - a wand of paralysis (14)
Comestibles
 g - 9 beef jerkies
 i - 4 fruits
 k - 5 meat rations
 l - 10 slices of pizza
 q - 8 bread rations
Scrolls
 f - a scroll of blinking
 h - 6 scrolls of remove curse
 n - a scroll of immolation
 p - a scroll of magic mapping
 r - a scroll of recharging
 t - 7 scrolls of identify
Jewellery
 a - a ring of positive energy (right hand)
 v - a cursed ring of loudness (left hand)
 B - an amulet of resist mutation (around neck)
Potions
 b - 2 potions of curing
 o - a potion of agility
 u - a potion of mutation
 w - 2 potions of haste
Miscellaneous
 D - a stone of tremors


   Skills:
 + Level 10.2 Fighting
   Level 3.8(9.3) Axes
 * Level 12.8(13.0) Maces & Flails
 + Level 7.6 Throwing
 + Level 9.8 Armour
 - Level 2.1 Dodging


You had 10 spell levels left.
You didn't know any spells.

Dungeon Overview and Level Annotations

Branches:
Dungeon (11/15)            Temple (0/1) D:7             Orc (0/4) D:9
   Lair (0/8) D:11

Altars:
Nemelex Xobeh
Okawaru
Qazlal
Trog
Xom

Shops:
D:5 [

Annotations:
D:9 exclusion: downstairs


Innate Abilities, Weirdness & Mutations

You reflexively headbutt those who attack you in melee.
You have a pair of horns on your head.
You can spit moderately strong poison.
Space occasionally distorts in your vicinity.


Message History

Aim: a cyclops The splash of poison hits the cyclops.
The cyclops is poisoned.
The cyclops is lightly wounded.
You are feeling hungry.
The cyclops throws a large rock.
The large rock barely misses you.
ATTACK MOVE TO (1,-1)
The cyclops throws a large rock.
The large rock hits you!!!
You see here a large rock.
ATTACK MOVE TO (1,-1)
The cyclops hits you!
Found a pearl ring.
ATTACK MOVE TO (1,-1)
You sock the cyclops!
The cyclops is heavily wounded.
ATTACK MOVE TO (1,-1)
You hit the cyclops.
The cyclops is severely wounded.
You have got your breath back.
The cyclops hits you!
You die...

........>#....#....#.<......#....
.........#....#....#........#....
.........#....#....#........#....
.........#....#....#........#....
.........##)#################....
.........#.............. #....
.........#.............. #....
.........'.......C.....=. +....
.........#......H........ #....
.....#...######(#..###### ####
.....#..))...(..#.....
.....#..........#......#
.....'.....((...#......#
.....#..........#......
.....#..........#.....
.....#..........#....
##################


You could see a cyclops.

Table legend:
 A = Turns spent in this place as a percentage of turns spent in the entire game.
 B = Non-inter-level travel turns spent in this place as a percentage of non-inter-level travel turns spent in the entire game.
 C = Inter-level travel turns spent in this place as a percentage of turns spent in this place.
 D = Turns resting spent in this place as a percentage of non-inter-level travel turns spent in this place.
 E = Turns spent auto-exploring this place as a percentage of non-inter-level travel turns spent in this place.
 F = Non-inter-level travel turns spent in this place divided by the number of levels of this place that you've seen.
                   A       B       C       D       E      F
               +-------+-------+-------+-------+-------+----------------------
         Total | 100.0 | 100.0 |   0.6 |   2.9 |   8.2 | 613.5
       Dungeon | 100.0 | 100.0 |   0.6 |   2.9 |   8.2 | 613.5
               +-------+-------+-------+-------+-------+----------------------

Table legend:
 A = Kills in this place as a percentage of kills in entire the game.
 B = Kills by you in this place as a percentage of kills by you in the entire game.
 C = Kills by friends in this place as a percentage of kills by friends in the entire game.
 D = Other kills in this place as a percentage of other kills in the entire game.
 E = Experience gained in this place as a percentage of experience gained in the entire game.
 F = Experience gained in this place divided by the number of levels of this place that you have seen.
                   A       B       C       D       E      F
               +-------+-------+-------+-------+-------+----------------------
         Total | 100.0 | 100.0 | 100.0 |  -nan | 100.0 | 1214.9
       Dungeon | 100.0 | 100.0 | 100.0 |  -nan | 100.0 | 1214.9
               +-------+-------+-------+-------+-------+----------------------

Vanquished Creatures
  A manticore (D:11)
  4 trolls
  Grinder (D:3)
  A hydra zombie (D:8)
  2 polar bears (D:10)
  The ghost of gw the Skirmisher, an average DsFi (D:5)
  2 two-headed ogres
  3 yaks
  The ghost of jw the Chopper, an average MiBe of Trog (D:3)
  A wraith (D:11)
  A deep elf fighter (D:9)
  A hungry ghost (D:9)
  4 hippogriffs
  A water moccasin (D:5)
  4 orc warriors
  A sky beast (D:9)
  An ice beast (D:9)
  5 ogres
  8 giant frogs
  A necrophage (D:9)
  5 centaurs
  Blork the orc (D:5)
  A gnoll sergeant (D:6)
  An eye of draining (D:8)
  A yak zombie (D:9)
  4 scorpions
  5 wights (D:11)
  3 jellies
  6 killer bees (D:10)
  3 crimson imps
  A goliath beetle (D:7)
  A quasit (D:8)
  A centaur zombie (D:10)
  A gnoll shaman (D:5)
  A giant frog skeleton (D:10)
  10 orc priests
  12 orc wizards
  An elf skeleton (D:8)
  6 hounds
  4 iguanas
  4 worker ants
  An ogre skeleton (D:4)
  A hound skeleton (D:9)
  A hound zombie (D:5)
  A mummy (D:7)
  21 gnolls
  3 shadow imps
  16 adders
  5 worms
  An adder zombie (D:9)
  2 giant geckos
  22 orcs
  3 giant cockroaches
  12 goblins
  15 hobgoblins
  11 jackals
  4 quokkas
  10 bats
  A giant newt (D:3)
  A giant spore (D:6)
  19 kobolds
  A kobold skeleton (D:6)
  An orc skeleton (D:5)
  An orc zombie (D:7)
  19 rats
  A rat zombie (D:7)
  A ballistomycete (D:6)
  A butterfly (D:7)
291 creatures vanquished.

Vanquished Creatures (collateral kills)
  A hill giant (D:11)
  An orc warrior (D:6)
2 creatures vanquished.

Grand Total: 293 creatures vanquished

Notes
Turn   | Place    | Note
--------------------------------------------------------------
     0 | D:1      | jw, the Minotaur Berserker, began the quest for the Orb.
     0 | D:1      | Reached XP level 1. HP: 19/19 MP: 1/1
   257 | D:1      | Reached XP level 2. HP: 27/27 MP: 1/1
   417 | D:1      | Reached skill level 4 in Fighting
   878 | D:2      | Acquired Trog's second power
  1033 | D:2      | Reached skill level 1 in Throwing
  1033 | D:2      | Reached XP level 3. HP: 29/33 MP: 2/2
  1158 | D:2      | Reached skill level 1 in Maces & Flails
  1924 | D:2      | Reached XP level 4. HP: 34/41 MP: 2/2
  2256 | D:3      | Noticed Grinder
  2265 | D:3      | Killed Grinder
  2265 | D:3      | Reached skill level 5 in Fighting
  2265 | D:3      | Reached XP level 5. HP: 48/48 MP: 2/2
  2265 | D:3      | Reached XP level 6. HP: 56/56 MP: 3/3
  2473 | D:3      | Noticed jw's ghost (average MiBe)
  2553 | D:3      | Killed jw's ghost
  3062 | D:4      | Reached XP level 7. HP: 61/61 MP: 3/3
  3135 | D:4      | Reached skill level 5 in Maces & Flails
  3507 | D:4      | Reached skill level 5 in Armour
  4135 | D:4      | Gained mutation: Space occasionally distorts in your vicinity. [potion of mutation]
  4135 | D:4      | Gained mutation: You can spit poison. [potion of mutation]
  4135 | D:4      | Gained mutation: You can spit moderately strong poison. [potion of mutation]
  4263 | D:5      | Entered Level 5 of the Dungeon
  4263 | D:5      | Found Phyesoe's Antique Armour Shop.
  4263 | D:5      | Noticed Blork the orc
  4269 | D:5      | Reached skill level 6 in Fighting
  4278 | D:5      | Killed Blork the orc
  4396 | D:5      | Noticed gw's ghost (average DsFi)
  4548 | D:5      | Reached XP level 8. HP: 71/71 MP: 3/3
  4851 | D:5      | Killed gw's ghost
  4851 | D:5      | Reached skill level 7 in Maces & Flails
  5278 | D:5      | Reached skill level 8 in Maces & Flails
  5281 | D:5      | Acquired Trog's third power
  5760 | D:6      | Reached XP level 9. HP: 11/79 MP: 4/4
  5789 | D:6      | Got an uncursed ichor-stained flail
  6037 | D:6      | Identified the +9 flail of the Ten Beggars {crush, +Rage rF+ Stlth+ Curse} (You took it off a centaur on level 6 of the Dungeon)
  6195 | D:6      | Found an iron altar of Okawaru.
  6302 | D:6      | Found a sparkling altar of Nemelex Xobeh.
  6303 | D:6      | Found a bloodstained altar of Trog.
  6306 | D:6      | Found a stormy altar of Qazlal.
  6332 | D:6      | Reached skill level 9 in Maces & Flails
  6404 | D:6      | Reached skill level 5 in Throwing
  6790 | D:7      | Found a shimmering altar of Xom.
  6791 | D:7      | Received a gift from Trog
  6943 | D:7      | Found a staircase to the Ecumenical Temple.
  7315 | D:7      | Reached skill level 10 in Maces & Flails
  8623 | D:8      | Reached XP level 10. HP: 90/90 MP: 0/4
  8843 | D:9      | Reached skill level 11 in Maces & Flails
  9265 | D:9      | Found a staircase to the Orcish Mines.
  9576 | D:9      | Received a gift from Trog
  9667 | D:10     | Entered Level 10 of the Dungeon
  9667 | D:10     | Found a bloodstained altar of Trog.
 10081 | D:10     | Reached skill level 12 in Maces & Flails
 10860 | D:11     | Found a staircase to the Lair.
 11295 | D:11     | Reached XP level 11. HP: 99/99 MP: 4/4
 11500 | D:11     | Reached skill level 10 in Fighting
 11570 | D:11     | Noticed a hill giant
 11577 | D:11     | Killed a hill giant
 11669 | D:11     | Noticed a manticore
 11677 | D:11     | Killed a manticore
 12076 | D:11     | Slain by a cyclops

Action                   |  1- 3 |  4- 6 |  7- 9 | 10-12 || total
-------------------------+-------+-------+-------+-------++-------
Melee: Hand axe          |    25 |       |       |       ||    25
       Whip              |    28 |    10 |       |       ||    38
       Mace              |       |    39 |       |       ||    39
       Flail             |       |     2 |   242 |   144 ||   388
Throw: Tomahawk          |    66 |    20 |   124 |    29 ||   239
       Stone             |    28 |    25 |    71 |    11 ||   135
       Javelin           |       |       |     8 |    53 ||    61
Invok: Trog's Hand       |       |     4 |     5 |     1 ||    10
       Berserk           |       |     2 |     6 |     3 ||    11
       Brothers in Arms  |       |       |     1 |     2 ||     3
 Abil: Spit Poison       |       |       |    41 |    39 ||    80
Evoke: Wand              |       |       |     1 |     2 ||     3
  Use: Scroll            |     6 |     2 |     7 |     2 ||    17
       Potion            |     3 |     2 |     5 |     1 ||    11
  Eat: Chunk             |     2 |     3 |    25 |    16 ||    46
       Bread ration      |       |     1 |       |       ||     1
       Beef jerky        |       |       |     1 |       ||     1

Vault maps used:
D:1:      zelgadis_glass_arrival_large
D:3:      uniq_grinder
D:4:      first_bread
D:5:      serial_shops, shop_fountains, uniq_blork_the_orc
D:6:      minitemple
D:7:      xom_butterflies, minmay_temple_entry_statues_fountains, serial_glass,
          glass_columns_a, glass_columns_b
D:9:      orc_0_dummy, grunt_pizzeria
D:10:     trog_ov_bears_minmay
D:11:     lair_0_dummy, grunt_ministairs_15, minmay_tree_intersection
